 Dungeon Crawl Stone Soup version 0.29-a0-375-g5102b3be25 (webtiles) character file.

Game seed: 5658465482671166140

33 sampeng1 the Chopper (level 3, 0/29 HPs)
             Began as a Human Berserker on May 3, 2022.
             Was a Follower of Trog.
             Killed from afar by Sigmund (5 damage)
             ... with a magic dart
             ... on level 2 of the Dungeon.
             The game lasted 00:04:17 (410 turns).

sampeng1 the Chopper (Human Berserker)               Turns: 410, Time: 00:04:18

Health: 0/29       AC:  5    Str: 19    XL:     3   Next: 47%
Magic:  3/3        EV: 11    Int:  7    God:    Trog [*.....]
Gold:   32         SH:  0    Dex: 12    Spells: 2/2 levels left

rFire   . . .      SeeInvis .   a - +0 hand axe
rCold   . . .      Faith    .   (no shield)
rNeg    . . .      Spirit   .   d - +0 ring mail
rPois   .          Reflect  .   (no helmet)
rElec   .          Harm     .   (no cloak)
rCorr   .          Rampage  .   (no gloves)
Will    +....                   (no boots)
Stlth   +.........              (no amulet)
HPRegen 0.09/turn               e - ring of willpower
MPRegen 0.08/turn               (no ring)

@: no status effects
A: no striking features
a: Renounce Religion, Berserk


You were on level 2 of the Dungeon.
You worshipped Trog.
Trog was aware of your devotion.
You visited 1 branch of the dungeon, and saw 2 of its levels.

You collected 32 gold pieces.

Inventory:

Hand Weapons
 a - a +0 hand axe (weapon)
Armour
 b - a +0 animal skin
 d - a +0 ring mail (worn)
Jewellery
 e - a ring of willpower (left hand)
Scrolls
 f - a scroll of teleportation {unknown}
Potions
 c - a potion of degeneration {unknown}
 g - a potion of invisibility {unknown}


   Skills:
 + Level 3.4 Fighting
 + Level 3.5 Axes
 + Level 2.2 Armour
 + Level 2.2 Dodging


You had 2 spell levels left.
You didn't know any spells.
Your spell library was empty.

Dungeon Overview and Level Annotations

Branches:
Dungeon (2/15)

Altars:

Annotations:
D:2 Sigmund


Message History

The quokka is severely wounded.
The quokka bites you.
* * * LOW HITPOINT WARNING * * *
The quokka misses you.
You hit the quokka.
The quokka is almost dead.
The quokka bites you but does no damage.
You hit the quokka.
You kill the quokka!
Trog accepts your kill.
Found an inky potion.
Found 15 gold pieces.
Found a book of the Hunter.
g - an inky potion You now have 32 gold pieces (gained 15).
You see here a book of the Hunter.
You open the door.
There is an open door here.
A frilled lizard comes into view.
The frilled lizard hisses angrily.
Found a glowing orb.
The frilled lizard bites you but does no damage.
You hit the frilled lizard.
You kill the frilled lizard!
Trog accepts your kill.
You see here a frilled lizard corpse.
As you open the door, it creaks loudly!
Sigmund the Dreaded comes into view.
He is wielding a +0 scythe.
There is an open door here.
Found a stone staircase leading up.
Sigmund hits you from afar with a +0 scythe.
* * * LOW HITPOINT WARNING * * *
Sigmund gestures wildly while chanting.
Sigmund flickers and vanishes!
Deactivating autopickup; reactivate with Ctrl-A.
You hit something.
You hear some strange, mumbled words.
A magic dart appears from out of thin air!
The magic dart hits you.
You die...

#..........# .
#.######...#.###.. #
#. .............# #.#
#. ..#.###.###.####
.## ... ..#.###.# #.#
# ......<.##.###'## ..
...##.##...##
#.##[##.#.....###.#
##.{@....†..........
###...#.##.......####+
..........'.......#
####...#.##.......#
##.##.###......# ##
#.# ##.....# #.#
##....# ..# ##+..# ###
#.#


There were no monsters in sight!

Vanquished Creatures
  2 adders (D:2)
  2 ball pythons (D:1)
  An endoplasm (D:1)
  2 goblins (D:1)
  3 hobgoblins (D:1)
  A kobold (D:2)
  A quokka (D:2)
  A frilled lizard (D:2)
  2 rats (D:1)
15 creatures vanquished.

Vanquished Creatures (others)
  3 plants (D:1)
3 creatures vanquished.

Grand Total: 18 creatures vanquished

Notes
Turn   | Place    | Note
-------+----------+-------------------------------------------
     0 | D:1      | sampeng1 the Human Berserker began the quest for the Orb.
     0 | D:1      | Reached XP level 1. HP: 18/18 MP: 1/1
   143 | D:1      | Reached XP level 2. HP: 19/24 MP: 2/2
   311 | D:2      | Reached XP level 3. HP: 25/29 MP: 3/3
   404 | D:2      | Noticed Sigmund
   410 | D:2      | Killed from afar by Sigmund

Illustrated notes

Levels and vault maps discovered:
D:1:      minmay_arrival_stone_box, layout_loops_ring, serial_forest,
          infiniplex_forest_clump_large, infiniplex_forest_pool,
          infiniplex_forest_clump_double, infiniplex_forest_clump_double,
          infiniplex_forest_clump_curved, serial_bayou_ford_a
D:2:      layout_loops_corners, hellmonk_ecumenical_altar_inner_sanctum,
          uniq_sigmund, uniq_crazy_yiuf_cottage

Action                   || total
-------------------------++-------
Melee: Hand axe          ||    50
Armor: Ring mail         ||    19
Dodge: Dodged            ||    24

Table legend: (Time is in decaauts)
 A = Elapsed time spent in this place.
 B = Non-inter-level travel time spent in this place.
 C = Inter-level travel time spent in this place.
 D = Time resting spent in this place.
 E = Time spent auto-exploring this place.
 F = Levels seen in this place.
 G = Mean time per level.
                   A        B        C        D        E       F      G
               +--------+--------+--------+--------+--------+-----+--------+
         Total |    417 |    417 |      0 |      0 |      0 |   2 |  208.5 |
       Dungeon |    417 |    417 |      0 |      0 |      0 |   2 |  208.5 |
               +--------+--------+--------+--------+--------+-----+--------+

Top non-repeatable levels by time:
     D:1: 311 daAuts
     D:2: 106 daAuts
